AoeStats
← Look There ->

Arabia

510182535Analyzed
1v1 RM · 3d ago on Sep 29, 2026· 40m 22s· 2 players
Game mode
Random Map
Map size
Tiny (2 player)
Population
200
Speed
Normal
Resources
Standard
Victory
Conquest
Starting age
Dark Age
Ending age
Imperial Age
RankedLock teamsTeams togetherTeam positionsShared explorationLock speedFull tech treeHidden civsTurbo modeCheats
Victory
Defeat
🇵🇱 Portuguese · Poland
1536
+20
🇮🇳 Italians · India
1635
-20
PiDi
6:21 Loom
8:53 Feudal Age
9:35 Double-Bit Axe
9:48 Town Watch
10:46 Horse Collar
14:39 Fletching
17:23 Padded Archer Armor
19:17 Wheelbarrow
22:52 Castle Age
22:10 Gold Mining
23:28 Bodkin Arrow
22:55 Crossbowman
24:13 Bow Saw
24:09 Heavy Plow
25:53 Leather Archer Armor
28:21 Thumb Ring
30:35 Ballistics
30:57 Scale Barding Armor
35:30 Chain Barding Armor
39:19 Imperial Age
37:06 Hand Cart
38:29 Light Cavalry
39:20 Bloodlines
39:10 Husbandry
39:32 Chain Barding Armor
40:40 Plate Barding Armor
40:10 Bracer
41:16 Chemistry
40:32 Masonry
Look There ->
6:56 Loom
9:30 Feudal Age
9:37 Man-at-Arms
12:36 Double-Bit Axe
15:51 Fletching
20:26 Wheelbarrow
23:08 Castle Age
23:25 Crossbowman
24:11 Bodkin Arrow
26:53 Padded Archer Armor
28:42 Bow Saw
30:08 Ballistics
36:28 Hand Cart
43:00 Imperial Age
Connection lost

Rejoining the realm…

Still unreachable

The connection could not be restored.

Session expired

The server has moved on; the page needs a fresh start.